 Dungeon Sprint DCSS version 0.21.0-24-g2553a33 (webtiles) character file.

7300000 letownia2 the Axe Maniac (level 27, -13/272 (273) HPs)
             Began as a Ghoul Fighter on Jan 21, 2018.
             Was the Champion of Makhleb.
             Mangled by The Servant
             ... wielding a +9 glaive of flaming
              (15 damage)
             ... in the Dungeon (Sprint VIII: "Arena of Blood").
             The game lasted 00:02:34 (73 turns).

letownia2 the Axe Maniac (Ghoul Fighter)              Turns: 73, Time: 00:02:35

HP:   -13/272 (273) AC: 13    Str: 24    XL:     27
MP:   32/53         EV: 30    Int:  3    God:    Makhleb [******]
Gold: 0             SH:  0    Dex: 17    Spells: 80/80 levels left

rFire    + . .     SeeInvis .   l - +∞ Axe of Woe
rCold    + . .     Gourm    .   (shield currently unavailable)
rNeg     + + +     Faith    .   b - +0 scale mail
rPois    ∞         Spirit   .   (no helmet)
rElec    .         Reflect  .   (no cloak)
rCorr    .         Harm     .   (no gloves)
MR       ++...     NoTele   +   (no boots)
Stlth    ++++++++..             (no amulet)
HPRegen  0.00/turn              m - ring of protection from fire
MPRegen  0.33/turn              (no ring)

@: rotting
A: rotting body, claws 1, carnivore, cold resistance 1, negative energy
resistance 3, inhibited regeneration, torment resistance, unbreathing
a: Minor Destruction, Lesser Servant of Makhleb, Major Destruction, Greater
Servant of Makhleb, Renounce Religion


You were in the Dungeon.
You worshipped Makhleb.
Makhleb was exalted by your worship.
You were not hungry.

You visited 1 branch

Inventory:

Hand Weapons
 a - a +0 war axe
 l - the +∞ Axe of Woe (weapon)
   (You found it in the Dungeon)
Armour
 b - a +0 scale mail (worn)
 c - a +0 shield
Jewellery
 m - a ring of protection from fire (left claw)
Scrolls
 k - a scroll of blinking
Potions
 d - a potion of might
 e - a potion of curing
 g - a potion of heal wounds
 h - a potion of haste
 i - 2 potions of magic
 j - a potion of berserk rage
Comestibles
 f - a ration


   Skills:
 O Level 27 Fighting
 O Level 27 Axes
 O Level 27 Throwing
 O Level 27 Armour
 O Level 27 Dodging
 O Level 27 Stealth
 O Level 27 Shields
 O Level 27 Unarmed Combat
 O Level 27 Spellcasting
 O Level 27 Invocations


You had 80 spell levels left.
You didn't know any spells.

Dungeon Overview and Level Annotations

Branches:
Dungeon (1/1)

Altars:
Makhleb

Annotations:
D The Servant


Innate Abilities, Weirdness & Mutations

Your body is rotting away.
You thrive on raw meat.
You are immune to poison.
You have sharp fingernails.
You are carnivorous and can eat meat at any time.
Your flesh is cold resistant. (rC+)
You are immune to negative energy. (rN+++)
You do not regenerate when monsters are visible.
You are immune to unholy pain and torment.
You can survive without breathing.


Message History

You feel better.
You hear a shout! x3
The bag of meat is engulfed in blazing flames.
A crawling corpse merges with a large abomination.
You hear a shout!
Unknown command.
Unknown command.
You hear a shout! x7
The tyrant waves its bony arms in wide circles.
The air twists around and strikes you!
The tyrant waves its bony arms in wide circles.
The air twists around and strikes you!
The bag of meat is engulfed in blazing flames.
The bag of meat hits you with a +9 war axe.
You hear a shout!
The Servant is engulfed in blazing flames.
The Servant hits you with a +9 glaive of flaming!!!!
* * * LOW HITPOINT WARNING * * *
The Servant burns you!
You die...

.#......#
.........#
.#......# ......
..M....#
.O........##.L...#
##................#
..%z......###%.o2)#
.%...z.........X@.#
......#.#.%....@§o#
..§......§)).).X§o#
.).)§#§#§#)X.)O§§x#
..)X§.§§X)).))..L.#
.%)§§)#§#)#o.#..X.#
##.§§§..§..%#..XX.#
........%....#.o..#
............#.....#


You could see an accursed, a tentacled monstrosity, a meat beast, 2 tyrants, The
Servant, a large bag of meat (inner flame), 5 large abominations, 5 bags of meat
and a crawling corpse.

Vanquished Creatures
  A hell beast (D)
  10 vampire knights (D)
  23 ogres (D)
  7 two-headed ogres (D)
  68 orcs (D)
  3 skeletal warriors (D)
  A large abomination (D)
  3 small abominations (D)
  4 crawling corpses (D)
120 creatures vanquished.

Vanquished Creatures (others)
  9 crawling corpses (D)
9 creatures vanquished.

Grand Total: 129 creatures vanquished

Notes
Turn   | Place    | Note
-------+----------+-------------------------------------------
     0 | D        | Found the +∞ Axe of Woe
     0 | D        | letownia2 the Ghoul Fighter began the quest for the Orb.
     0 | D        | Reached XP level 1. HP: 19/19 MP: 0/0
     2 | D        | Noticed a bag of meat
     2 | D        | Noticed a bag of meat
     4 | D        | Noticed a bag of meat
     4 | D        | Noticed a bag of meat
     4 | D        | Noticed a bag of meat
     4 | D        | Noticed a bag of meat
     5 | D        | Noticed a bag of meat
     5 | D        | Noticed a meat berserker
     6 | D        | Noticed a bag of meat
     7 | D        | Noticed a bag of meat
     7 | D        | Noticed a meat berserker
     9 | D        | Became a worshipper of Makhleb the Destroyer
    10 | D        | Killed a meat berserker
    10 | D        | Reached skill level 10 in Axes
    10 | D        | Reached XP level 2. HP: 42/54 MP: 1/1
    10 | D        | Reached XP level 3. HP: 47/61 MP: 2/2
    10 | D        | Reached XP level 4. HP: 53/69 MP: 3/3
    10 | D        | Reached XP level 5. HP: 60/77 MP: 4/4
    10 | D        | Reached XP level 6. HP: 65/84 MP: 5/5
    10 | D        | Reached XP level 7. HP: 71/91 MP: 6/6
    10 | D        | Reached XP level 8. HP: 78/100 MP: 7/7
    10 | D        | Reached XP level 9. HP: 82/106 MP: 8/8
    10 | D        | Reached XP level 10. HP: 89/115 MP: 9/9
    10 | D        | Reached XP level 11. HP: 95/122 MP: 10/10
    10 | D        | Reached XP level 12. HP: 100/129 MP: 11/11
    10 | D        | Reached XP level 13. HP: 107/137 MP: 12/12
    10 | D        | Killed a bag of meat
    10 | D        | Reached * piety under Makhleb
    10 | D        | Reached XP level 14. HP: 117/150 MP: 13/13
    10 | D        | Killed a bag of meat
    11 | D        | Noticed a bag of meat
    11 | D        | Noticed a bag of meat
    11 | D        | Killed a meat berserker
    11 | D        | Reached XP level 15. HP: 93/160 MP: 14/14
    11 | D        | Reached ** piety under Makhleb
    11 | D        | Reached XP level 16. HP: 138/169 MP: 15/15
    11 | D        | Reached skill level 27 in Axes
    12 | D        | Reached *** piety under Makhleb
    12 | D        | Reached skill level 15 in Dodging
    12 | D        | Reached XP level 17. HP: 175/176 MP: 16/16
    14 | D        | Reached **** piety under Makhleb
    14 | D        | Reached XP level 18. HP: 184/184 MP: 17/17
    16 | D        | Noticed a meat berserker
    16 | D        | Noticed a meat berserker
    17 | D        | Killed a meat berserker
    17 | D        | Reached skill level 27 in Dodging
    17 | D        | Reached XP level 19. HP: 205/205 MP: 18/18
    18 | D        | Killed a meat berserker
    18 | D        | Reached skill level 27 in Fighting
    18 | D        | Reached skill level 27 in Armour
    19 | D        | Noticed a meat berserker
    19 | D        | Noticed a destroyer
    20 | D        | Noticed a meat berserker
    21 | D        | Noticed a meat berserker
    21 | D        | Killed a destroyer
    21 | D        | Reached ***** piety under Makhleb
    21 | D        | Reached XP level 20. HP: 154/215 MP: 18/32
    21 | D        | Reached skill level 10 in Spellcasting
    23 | D        | Noticed a meat berserker
    24 | D        | Noticed a meat berserker
    24 | D        | Killed a meat berserker
    24 | D        | Reached skill level 15 in Unarmed Combat
    24 | D        | Reached skill level 15 in Invocations
    24 | D        | Killed a meat berserker
    24 | D        | Reached skill level 15 in Throwing
    24 | D        | Reached XP level 21. HP: 223/223 MP: 19/38
    25 | D        | Noticed a meat berserker
    25 | D        | Noticed a meat berserker
    25 | D        | Killed a meat berserker
    25 | D        | Reached skill level 15 in Spellcasting
    26 | D        | Noticed a large bag of meat
    26 | D        | Noticed a large bag of meat
    26 | D        | Noticed a large bag of meat
    27 | D        | Noticed a destroyer
    27 | D        | Killed a meat berserker
    27 | D        | Reached XP level 22. HP: 232/232 MP: 19/42
    27 | D        | Reached ****** piety under Makhleb
    28 | D        | Reached skill level 27 in Shields
    28 | D        | Reached XP level 23. HP: 239/239 MP: 19/46
    28 | D        | Reached skill level 27 in Stealth
    29 | D        | Noticed a large bag of meat
    29 | D        | Noticed a destroyer
    30 | D        | Reached skill level 27 in Unarmed Combat
    30 | D        | Reached skill level 27 in Invocations
    31 | D        | Reached skill level 27 in Throwing
    31 | D        | Reached skill level 27 in Spellcasting
    31 | D        | Reached XP level 24. HP: 248/248 MP: 20/53
    31 | D        | Killed a large bag of meat
    31 | D        | Killed a large bag of meat
    31 | D        | Reached XP level 25. HP: 256/256 MP: 20/53
    32 | D        | Noticed a large bag of meat
    32 | D        | Noticed a destroyer
    32 | D        | Noticed a destroyer
    33 | D        | Reached XP level 26. HP: 265/265 MP: 21/53
    35 | D        | Noticed a destroyer
    35 | D        | Noticed a destroyer
    37 | D        | Killed a destroyer
    37 | D        | Reached XP level 27. HP: 272/272 MP: 22/53
    38 | D        | Killed a destroyer
    40 | D        | Killed a destroyer
    40 | D        | Killed a destroyer
    41 | D        | Killed a destroyer
    41 | D        | Killed a destroyer
    44 | D        | Noticed a large bag of meat
    44 | D        | Killed a large bag of meat
    45 | D        | Noticed a destroyer
    45 | D        | Killed a large bag of meat
    45 | D        | Killed a large bag of meat
    47 | D        | Noticed a destroyer
    47 | D        | Noticed a large bag of meat
    50 | D        | Killed a large bag of meat
    51 | D        | Noticed The Servant
    55 | D        | Killed a destroyer
    57 | D        | Noticed a large bag of meat
    58 | D        | Killed a destroyer
    60 | D        | Noticed a meat beast
    61 | D        | Noticed a destroyer
    63 | D        | Noticed a tyrant
    63 | D        | Killed a meat beast
    63 | D        | Killed a large bag of meat
    67 | D        | Noticed a tyrant
    68 | D        | Noticed an accursed
    69 | D        | Killed a destroyer
    70 | D        | Noticed a meat beast
    73 | D        | HP: 2/272 [The Servant/+9 glaive of flaming (119)]
    73 | D        | Mangled by The Servant

Skill      XL: |  1  2  3  4  5  6  7  8  9 10 11 12 13 14 15 16 17 18 19 20 21 22 23 |
---------------+----------------------------------------------------------------------+-----
Fighting       | 19 21 22 26 27 | 27.0
Axes           | 10 11 20 23 27 | 27.0
Armour         | 17 18 19 23 27 | 27.0
Shields        | 16 18 19 20 23 25 27 | 27.0
Dodging        | 15 24 27 | 27.0
Throwing       | 9 15 18 21 27 | 27.0
Stealth        | 12 19 23 26 27 | 27.0
Unarmed Combat | 11 17 21 25 27 | 27.0
Spellcasting   | 9 14 17 20 27 | 27.0
Invocations    | 11 17 21 24 27 | 27.0

Action                   |  1- 3 |  4- 6 |  7- 9 | 10-12 | 13-15 | 16-18 | 19-21 | 22-24 | 25-27 || total
-------------------------+-------+-------+-------+-------+-------+-------+-------+-------+-------++-------
Melee: Executioner's axe |     1 |       |       |       |     1 |     3 |     5 |     3 |    24 ||    37
Armor: Scale mail        |       |       |       |       |       |     1 |       |       |     2 ||     3
Dodge: Dodged            |       |       |       |       |       |       |     2 |     1 |    12 ||    15
